Selects Italian Combined Arms Battlegroup
Selects Bersaglieri Squad
Kradschützen Motorcycle Team
Construct Light Support Kompanie
Selects Vehicle Support - Secure Location
Construct Mechanized Kompanie
Selects Breda Model 30 Light Machine Guns
Construct Panzerarmee Kommand
Selects Semovente da 75/18 Assault Gun
Selects Carro Armato M13/40 Light Tank
Walking Stuka Rocket Launcher
Carro Armato M13/40 Light Tank
Carro Armato M13/40 Light Tank
Panzerjäger Mechanized Group